 Dungeon Crawl Stone Soup version 0.30-a0-949-g53dc5368d7 (webtiles) character file.

Game seed: 16959835818713580776

93 NotreDorf the Magician (level 4, -3/30 HPs)
             Began as a Mummy Conjurer on Mar 27, 2023.
             Slain by an orc
             ... wielding a +0 hand axe
              (6 damage)
             ... on level 3 of the Dungeon.
             The game lasted 00:09:46 (2558 turns).

NotreDorf the Magician (Mummy Conjurer)             Turns: 2558, Time: 00:09:47

Health: -3/30      AC:  4    Str: 10    XL:     4   Next: 37%
Magic:  2/10       EV: 11    Int: 19    God:
Gold:   106        SH:  0    Dex: 10    Spells: 1/11 levels left

rFire   x . .      SeeInvis .    b - +0 dagger
rCold   + . .      Faith    +    (no shield)
rNeg    + + +      Spirit   .    a - +0 robe
rPois   ∞          Reflect  .    (no helmet)
rElec   .          Rampage  .    (no cloak)
rCorr   .                        g - +0 pair of gloves
Will    .....                    c - +0 pair of boots
Stlth   ++                       (no amulet)
HPRegen 0.25/turn                (no ring)
MPRegen 0.12/turn                (no ring)

@: no status effects
A: cold resistance 1, negative energy resistance 3, torment resistance 2, heat
vulnerability 1, in touch with death 1, no potions, faith
a: no special abilities


You were on level 3 of the Dungeon.
You visited 1 branch of the dungeon, and saw 3 of its levels.

You collected 106 gold pieces.

Inventory:

Hand Weapons
 b - a +0 dagger (weapon)
Armour
 a - a +0 robe (worn)
 c - a +0 pair of boots (worn)
 g - a +0 pair of gloves (worn)
Wands
 n - a wand of paralysis (6)
Scrolls
 d - a scroll of torment {unknown}
 e - a scroll of magic mapping {unknown}
 f - 3 scrolls of identify {unknown}
 h - a scroll of enchant armour {unknown}
 i - 2 scrolls of poison {unknown}
 j - a scroll of vulnerability {unknown}
 k - a scroll of amnesia {unknown}
 l - a scroll of noise {unknown}
 m - a scroll of enchant weapon {unknown}


   Skills:
 - Level 1.5 Dodging
 - Level 1.5 Stealth
 + Level 4.4 Spellcasting
 + Level 4.1 Conjurations
 + Level 0.3 Hexes


You had one spell level left.
You knew the following spells:

 Your Spells              Type           Power      Damage    Failure   Level
a - Magic Dart            Conj           76%        1d6       2%          1
b - Searing Ray           Conj           38%        2d5       3%          2
c - Dazzling Flash        Conj/Hex       24%        N/A       16%         3
d - Iskenderun's Mystic   Conj/Tloc      12%        2d5       50%         4

Your spell library contained the following spells:

 Spells                   Type           Power      Damage    Failure   Level
 Fulminant Prism          Conj/Hex       6%         3d6       45%         4
 Summon Ice Beast         Ice/Summ       4%         N/A       78%         4
 Summon Mana Viper        Hex/Summ       4%         N/A       98%         5
 Monstrous Menagerie      Summ           2%         N/A       100%        7


Dungeon Overview and Level Annotations

Branches:
Dungeon (3/15)

Altars:

Shops:
D:2 *


Innate Abilities, Weirdness & Mutations

You are immune to poison.
Your flesh is cold resistant. (rC+)
You are immune to negative energy. (rN+++)
You are immune to unholy pain and torment.
You are vulnerable to heat. (rF-)
You are in touch with the powers of death.
You do not drink.
You have a special connection with the divine. (Faith)


Message History

The puff of frost hits you. You resist.
You barely miss the white imp.
The white imp is severely wounded.
The white imp barely misses you.
You hit the white imp.
The white imp is almost dead.
The orc hits you with a +0 hand axe. The white imp misses you.
You hit the white imp but do no damage.
The white imp is almost dead.
The orc hits you with a +0 hand axe. The white imp closely misses you.
You hit the white imp but do no damage.
The white imp is almost dead.
The orc barely misses you. The white imp gestures at you.
The puff of frost misses you.
You hit the white imp but do no damage.
The white imp is almost dead.
The orc misses you. The white imp gestures at you. The puff of frost hits you.
You resist.
You barely miss the white imp.
The white imp is almost dead.
The orc barely misses you. The white imp misses you.
You hit the white imp but do no damage.
The white imp is almost dead.
The orc hits you with a +0 hand axe.
* * * LOW HITPOINT WARNING * * *
The white imp barely misses you.
You hit the white imp.
The white imp is almost dead.
The orc hits you with a +0 hand axe.
* * * LOW HITPOINT WARNING * * *
The white imp hits you but does no damage.
You closely miss the white imp.
The white imp is almost dead.
The orc hits you with a +0 hand axe.
* * * LOW HITPOINT WARNING * * *
The white imp hits you but does no damage.
You closely miss the orc. The orc hits you with a +0 hand axe.
You die...

######
#....########
##....#......#
#####.....#......#
#.........#......#
...).............#
......5@.........#
......o..........#
#####
......!..........#
#....
.....#....†......#
#.###
.....###......†..#
#.# ....
#......)#####.###
.#.
.................#
..
..>.............)#
................#


You could see a white imp and an orc.

Vanquished Creatures
  3 adders
  A worm (D:2)
  2 dart slugs
  3 endoplasms
  4 giant cockroaches
  7 goblins
  10 hobgoblins
  6 kobolds
  A quokka (D:2)
  5 ball pythons
  4 bats
  5 frilled lizards
  3 rats
54 creatures vanquished.

Vanquished Creatures (others)
  2 plants (D:2)
2 creatures vanquished.

Grand Total: 56 creatures vanquished

Notes
Turn   | Place    | Note
-------+----------+-------------------------------------------
     0 | D:1      | NotreDorf the Mummy Conjurer began the quest for the Orb.
     0 | D:1      | Reached XP level 1. HP: 13/13 MP: 4/4
   141 | D:1      | Reached XP level 2. HP: 14/19 MP: 1/6
   879 | D:1      | Gained mutation: You are in touch with the powers of death.
                  | [Mummy growth]
   879 | D:1      | Reached XP level 3. HP: 24/24 MP: 5/8
   882 | D:1      | Learned a level 2 spell: Searing Ray
   886 | D:1      | Learned a level 3 spell: Dazzling Flash
  1593 | D:2      | Found Mesoham's Assorted Antiques.
  1824 | D:2      | Found a faded altar of an unknown god.
  2166 | D:2      | Reached XP level 4. HP: 28/30 MP: 1/10
  2171 | D:2      | Learned a level 4 spell: Iskenderun's Mystic Blast
  2558 | D:3      | Slain by an orc

Illustrated notes

Levels and vault maps discovered:
D:1:      minmay_arrival_nine_rooms, layout_loops_ring, minmay_hexomino_u4
D:2:      layout_rooms, serial_shops, nicolae_shop_hallway_plus,
          shapermc_ecumenical_altar_mp_ritualfount
D:3:      layout_basic, slow_altar_2, serial_shops, nicolae_shop_hallway_stairs,
          uniq_robin

Skill      XL: |  1  2  3 |
---------------+----------+-----
Spellcasting   | 3 4 |  4.4
Conjurations   | 4 |  4.1
Dodging        | |  1.5
Stealth        | |  1.5
Hexes          | |  0.3

Action                     |  1- 3 |  4- 6 || total
---------------------------+-------+-------++-------
  Melee: Dagger            |    30 |    11 ||    41
   Cast: Magic Dart        |   100 |    33 ||   133
 Armour: Robe              |    17 |     4 ||    21
  Dodge: Dodged            |    13 |    13 ||    26

Table legend: (Time is in decaauts)
 A = Elapsed time spent in this place.
 B = Non-inter-level travel time spent in this place.
 C = Inter-level travel time spent in this place.
 D = Time resting spent in this place.
 E = Time spent auto-exploring this place.
 F = Levels seen in this place.
 G = Mean time per level.
                   A        B        C        D        E       F      G
               +--------+--------+--------+--------+--------+-----+--------+
         Total |   2557 |   2509 |     48 |     92 |   2066 |   3 |  852.3 |
       Dungeon |   2557 |   2509 |     48 |     92 |   2066 |   3 |  852.3 |
               +--------+--------+--------+--------+--------+-----+--------+

Top non-repeatable levels by time:
     D:1: 1234 daAuts
     D:2: 1044 daAuts
     D:3: 277 daAuts
